Map: Overgrown Facility

Players

IIIIIIIIIIII - Winner!

  • Race: Zerg Zerg
  • Spawn Location: 7:00

PureLegacy - Winner!

  • Race: Terran Terran
  • Spawn Location: 9:00

JungleJim

  • Race: Zerg Zerg
  • League: Diamond
  • Spawn Location: 3:00

Sirion

  • Race: Terran Terran
  • Spawn Location: 1:00

VOD

Have the link to the VOD?

Description

Time

  • Played on: Nov. 23, 2018, 10:01 a.m.
  • Length: 9:36
Show
View Real Time Build Order
Export as new Build Order

IIIIIIIIIIII Zerg - Winner!

Build Orders: Pool First 

Get SALT Encoding   

  12  0:03  Drone  
  13  0:18  Drone  
  14  0:23  Extractor  
  14  0:24  Drone  
  14  0:35  Spawning Pool  
  13  0:38  Drone  
  14  0:46  Overlord  
  14  1:23  Zergling x6  
  14  1:25  Metabolic Boost  
  17  1:28  Queen  
  19  1:35  Zergling x2  
  20  1:46  Zergling x2  
  21  1:58  Zergling x2  
  22  2:04  Hatchery  
  21  2:10  Overlord  
  21  2:17  Zergling x2  
  18  3:00  Queen  
  18  3:01  Zergling x2  
  18  3:02  Zergling x6  
  21  3:18  Zergling x4  
  23  3:20  Zergling x2  
  24  3:32  Zergling x10  
  27  4:25  Zergling x8  
  27  4:26  Zergling x8  
  25  4:59  Zergling x6  
  29  5:00  Zergling x16  
  29  5:03  Overlord  
  34  5:15  Overlord  
  34  5:27  Drone  
  34  5:28  Drone x6  
  41  5:30  Drone  
  42  5:42  Burrow  
  40  5:55  Baneling Nest  
  39  5:59  Drone x3  
  39  6:01  Drone  
  37  6:24  Zergling x6  
  37  6:25  Zergling x8  
  44  6:39  Baneling x4  
  44  6:51  Overlord  
  44  7:11  Drone x3  
  44  7:12  Drone x8  
  55  7:18  Extractor  
  55  7:19  Overlord, Roach Warren  
  53  7:26  Baneling x3  
  53  7:27  Baneling  
  53  7:33  Baneling x4  
  53  7:36  Drone  
  53  7:37  Drone  
  55  7:53  Overlord x2  
  55  7:56  Overlord x2  
  55  8:02  Roach x5  
  60  8:22  Baneling x5  
  60  8:27  Extractor, Hatchery  
  60  8:28  Drone x2, Extractor  
  60  8:29  Drone  
  60  8:31  Drone x2  
  60  8:32  Drone  
  60  8:33  Drone  
  64  8:51  Queen  
  66  8:58  Roach x4  
  66  8:59  Roach x2  
  78  9:12  Spore Crawler  
  77  9:20  Spore Crawler, Drone  
  77  9:21  Drone x5  
  77  9:22  Drone x3  
Show
View Real Time Build Order
Export as new Build Order

PureLegacy Terran - Winner!

Build Orders:  

Get SALT Encoding   

  12  0:02  SCV  
  13  0:14  SCV  
  13  0:18  Supply Depot  
  14  0:26  SCV  
  15  0:30  Refinery  
  15  0:40  SCV  
  16  0:46  Barracks  
  16  0:52  SCV  
  17  1:04  Barracks  
  17  1:17  Barracks  
  17  1:21  SCV  
  18  1:34  Reaper  
  19  1:41  Orbital Command  
  19  1:48  Refinery  
  19  1:53  Reaper  
  20  2:04  Reaper  
  20  2:08  Reaper  
  22  2:14  Supply Depot  
  22  2:25  Reaper  
  23  2:41  Reaper  
  24  2:49  Reaper  
  25  2:51  Supply Depot  
  25  2:52  SCV  
  25  2:58  Reaper  
  27  3:10  SCV  
  28  3:13  Reaper  
  29  3:21  Reaper  
  29  3:22  SCV, Command Center  
  31  3:30  Reaper  
  32  3:35  SCV  
  32  3:45  Reaper  
  32  3:47  SCV  
  34  3:54  Reaper  
  35  3:57  Barracks  
  35  3:58  Barracks  
  31  4:04  Reaper  
  31  4:09  Engineering Bay, SCV  
  33  4:17  Reaper  
  33  4:31  Reaper  
  34  4:41  Reaper  
  34  4:50  Reaper  
  34  4:51  Reaper x2  
  34  4:52  Orbital Command  
  35  4:56  SCV  
  35  4:57  Refinery x2  
  35  4:59  Terran Infantry Weapons Level 1  
  36  5:06  Reaper  
  37  5:08  SCV  
  38  5:15  Reaper  
  38  5:18  SCV  
  38  5:20  SCV  
  41  5:24  Reaper  
  42  5:28  Reaper  
  42  5:30  SCV  
  42  5:32  SCV  
  45  5:38  Reaper  
  45  5:39  Barracks  
  45  5:40  Barracks  
  45  5:42  SCV  
  47  5:43  Reaper  
  47  5:48  Reaper  
  47  5:49  Supply Depot  
  49  5:50  SCV  
  50  5:57  SCV  
  50  6:00  Reaper  
  50  6:03  Supply Depot, Reaper  
  53  6:10  Reaper  
  49  6:15  Reaper  
  50  6:21  Reaper  
  51  6:29  Reaper  
  51  6:30  Reaper  
  51  6:31  SCV x2  
  51  6:32  Reaper  
  55  6:36  Supply Depot, Reaper, Barracks  
  56  6:42  Reaper  
  57  6:47  SCV x2  
  57  6:51  Reaper  
  57  6:54  Terran Infantry Armor Level 1, Reaper  
  60  6:59  SCV x2  
  63  7:02  Reaper  
  63  7:03  Reaper  
  63  7:13  Reaper  
  63  7:14  Reaper x2  
  54  7:16  SCV x2  
  56  7:24  Reaper, Command Center  
  56  7:25  Reaper  
  56  7:28  Reaper, SCV x2  
  61  7:35  Barracks Tech Lab  
  61  7:36  Supply Depot, Reaper  
  64  7:51  SCV  
  64  7:52  SCV  
  64  7:53  Supply Depot  
  69  8:07  SCV x2  
  71  8:14  Marine x6  
  71  8:15  Marine  
  71  8:17  Factory  
  71  8:18  Engineering Bay  
  71  8:19  Supply Depot, SCV x2  
  74  8:20  Marine  
  73  8:31  SCV x2  
  71  8:37  Marine x5  
  71  8:38  Marine x2  
  77  8:42  Marine  
  78  8:51  SCV  
  79  8:56  SCV  
  79  8:57  Supply Depot  
  79  8:58  Marine x2  
  79  8:59  Marine x3  
  79  9:00  Marine  
  79  9:01  Marine  
  87  9:06  Factory Reactor, Starport  
  87  9:07  Armory  
  87  9:10  SCV x2  
  87  9:14  Marine  
  87  9:16  Marine x3  
  90  9:33  Supply Depot  
Show
View Real Time Build Order
Export as new Build Order

JungleJim Zerg 

Build Orders: Hatch First 

Get SALT Encoding   

  12  0:01  Drone  
  13  0:13  Overlord  
  13  0:18  Drone  
  14  0:31  Drone x2  
  14  0:35  Drone  
  17  0:54  Hatchery  
  17  0:55  Drone  
  17  1:00  Drone  
  18  1:09  Extractor  
  17  1:15  Spawning Pool  
  17  1:17  Drone  
  17  1:21  Drone  
  18  1:28  Drone  
  19  1:48  Drone  
  20  1:55  Overlord  
  20  2:02  Queen  
  20  2:07  Queen  
  24  2:09  Zergling x4  
  24  2:12  Metabolic Boost  
  26  2:30  Zergling x4  
  26  2:33  Spine Crawler  
  22  2:50  Zergling x10  
  16  3:22  Drone x2  
  17  3:42  Drone x2  
  19  3:54  Zergling x4  
  20  4:05  Zergling x2  
  20  4:06  Zergling x2  
  20  4:25  Zergling x6  
  20  4:30  Zergling x2  
  20  4:39  Zergling x2  
  20  4:40  Zergling x2  
  22  4:46  Zergling x2  
  22  4:54  Zergling x2  
  23  5:01  Drone x2  
  25  5:32  Drone x2  
  25  5:33  Zergling x6  
  30  5:35  Overlord  
  30  5:46  Spine Crawler  
  30  5:49  Drone  
  27  6:19  Zergling x2  
  27  6:20  Zergling x8  
  23  6:43  Drone x2  
  25  6:48  Hatchery  
  25  6:53  Drone  
  25  7:02  Zergling x6  
  25  7:17  Drone  
  25  7:18  Drone  
  25  7:22  Roach Warren  
  26  7:29  Drone  
  27  7:39  Drone  
  28  7:48  Drone  
  29  7:53  Drone  
  29  7:54  Drone x2  
  29  8:04  Lair, Evolution Chamber  
  26  8:08  Zergling x2  
  27  8:14  Zergling x6  
  30  8:24  Zergling x2  
  30  8:25  Zergling x2  
  32  8:30  Roach x2  
  32  8:31  Roach  
  38  8:42  Drone x3  
  41  9:00  Drone, Overlord  
  41  9:01  Drone x2  
  44  9:13  Overlord  
  44  9:27  Hatchery  
Show
View Real Time Build Order
Export as new Build Order

Sirion Terran 

Build Orders:  

Get SALT Encoding   

  12  0:00  SCV  
  13  0:13  SCV  
  14  0:18  Supply Depot  
  14  0:25  SCV  
  15  0:40  SCV  
  15  0:41  Barracks  
  16  0:46  Refinery  
  16  0:52  SCV  
  17  1:04  Barracks  
  17  1:13  SCV  
  18  1:25  SCV  
  19  1:28  Barracks Tech Lab  
  19  1:35  Barracks  
  19  1:45  Orbital Command  
  19  1:51  Marauder  
  21  1:54  Marine  
  21  1:58  Concussive Shells  
  22  2:12  Marine  
  23  2:20  Supply Depot  
  23  2:42  Marine x2, SCV, Marauder  
  28  2:45  Supply Depot  
  28  2:59  Marine x2  
  30  3:07  Marauder  
  32  3:14  Supply Depot  
  32  3:17  Marine x2  
  34  3:20  Barracks  
  34  3:22  Barracks, Supply Depot  
  30  3:29  Marauder  
  30  3:38  Marine x2  
  32  3:48  SCV  
  32  3:50  Marauder  
  35  3:56  Marine, Stimpack  
  36  4:10  SCV  
  36  4:11  Marauder  
  39  4:19  Marine x2  
  39  4:22  SCV  
  42  4:32  Marine  
  42  4:36  Marine x3  
  42  4:37  Marine  
  44  4:50  Marauder  
  44  4:53  Marine  
  44  4:54  Marine x3  
  44  4:56  Factory  
  48  5:11  Marine x2  
  48  5:12  Marine x2  
  51  5:22  Marauder  
  52  5:29  Marine x2  
  52  5:33  Command Center  
  54  5:43  Starport  
  54  5:49  Factory Reactor  
  52  5:51  Marine x2  
  54  5:58  Marine  
  55  6:04  Marine  
  52  6:32  Marine, Marauder  
  54  6:37  Medivac, Marine x3  
  54  6:39  Medivac  
  62  6:40  SCV  
  62  6:43  Refinery  
  63  6:50  Marine  
  63  6:53  Orbital Command  
  63  6:54  Marauder, SCV  
  66  6:55  Marine  
  49  7:18  Marine x3  
  49  7:19  Marauder  
  54  7:27  SCV  
  54  7:28  SCV  
  56  7:35  Marine  
  56  7:36  Medivac  
  59  7:39  SCV  
  59  7:40  SCV, Marauder  
  62  7:46  Marine  
  56  7:54  Marine x3  
  55  8:01  Marine  
  55  8:03  Marine  
  24  8:38  Marine x2, Marauder  
  28  8:53  Marine x2  
  30  8:55  Marine, SCV  
  30  8:59  Marauder  
  30  9:02  SCV  
  35  9:07  SCV  
  36  9:20  SCV x2  
Tags
 
Add a new tag
Caveats
  • Supply blocks, unpowered buildings, or Contaminate may cause inaccurate times.
  • Supply counts are checked every 10 seconds.